AA - U28
QUEBEC METROS @ BOWIE BAYSOX
08/02/2052
 
TOP OF THE 1ST
New Hampshire Fisher Cats batting - Pitching for Lincoln Bighorns : RHP Sheridan Richardson
Pitching: RHP Sheridan Richardson
Batting: RHB Jason Bates 0-0: Ball
1-0: Foul Ball, location: 3F
1-1: Called Strike
1-2: Ball
2-2: Ground out 6-3 (Groundball, 6MS, EV 70.0 MPH)
Batting: RHB Miguel Ángel Limon 0-0: Called Strike
0-1: Ground out 5-3 (Groundball, 5S, EV 88.1 MPH)
Batting: LHB John Sticka 0-0: SINGLE (Line Drive, 8RS, EV 98.1 MPH)
Batting: RHB Roberto Medel 0-0: Swinging Strike
0-1: Swinging Strike
0-2: Strikes out swinging
Top of the 1st over - 0 runs, 1 hit, 0 errors, 1 left on base; New Hampshire 0 - Lincoln 0
BOTTOM OF THE 1ST
Lincoln Bighorns batting - Pitching for New Hampshire Fisher Cats : RHP Ethan Ponzio
Pitching: RHP Ethan Ponzio
Batting: RHB Frank Lambert 0-0: Called Strike
0-1: Ball
1-1: Ground out 6-3 (Groundball, 6M, EV 102.5 MPH)
Batting: RHB Dorian Tutolo 0-0: Ball
1-0: Ball
2-0: Called Strike
2-1: Foul Ball, location: 9LDF
2-2: Foul Ball, location: 2F
2-2: Foul Ball, location: 2F
2-2: Strikes out looking
Batting: LHB Fergal Mallory 0-0: Ball
1-0: Ball
2-0: Foul Ball, location: 23F
2-1: Foul Ball, location: 2F
2-2: Ball
3-2: SINGLE (Groundball, 13S, EV 60.6 MPH) (infield hit)
Batting: RHB Rashad Simon 0-0: Ground out 5-3 (Groundball, 25, EV 85.6 MPH)
Bottom of the 1st over - 0 runs, 1 hit, 0 errors, 1 left on base; New Hampshire 0 - Lincoln 0
TOP OF THE 2ND
New Hampshire Fisher Cats batting - Pitching for Lincoln Bighorns : RHP Sheridan Richardson
Batting: RHB Tanner Gibson 0-0: Foul Ball, location: 3FF
0-1: Foul Ball, location: 2F
0-2: Strikes out swinging
Batting: RHB Kayden Trumble 0-0: Called Strike
0-1: Ball
1-1: Ball
2-1: Called Strike
2-2: Ball
3-2: Ground out 5-3 (Groundball, 56, EV 88.1 MPH)
Batting: RHB Atlas Alvarado 0-0: Ball
1-0: Called Strike
1-1: Foul Ball, location: 2F
1-2: SOLO HOME RUN (Flyball, 78XD, EV 103.1 MPH), Distance : 391 ft
Batting: SHB Colin Montague 0-0: Ground out 4-3 (Groundball, 4, EV 80.0 MPH)
Top of the 2nd over - 1 run, 1 hit, 0 errors, 0 left on base; New Hampshire 1 - Lincoln 0
BOTTOM OF THE 2ND
Lincoln Bighorns batting - Pitching for New Hampshire Fisher Cats : RHP Ethan Ponzio
Batting: RHB Ian Saucedo 0-0: Foul Ball, location: 2F
0-1: Ball
1-1: Swinging Strike
1-2: Ball
2-2: Foul Ball, location: 5FF
2-2: Foul Ball, location: 9LDF
2-2: Foul Ball, location: 2F
2-2: Foul Ball, location: 2F
2-2: Ground out 6-3 (Groundball, 56D, EV 98.8 MPH)
Batting: LHB Blake Kirk 0-0: Called Strike
0-1: Ground out 4-3 (Groundball, 34D, EV 108.8 MPH)
Batting: RHB Nixon Jackson 0-0: Ball
1-0: DOUBLE (Line Drive, 3D, EV 93.8 MPH)
Batting: RHB Asher Shorey 0-0: Ball
1-0: Ball
2-0: Called Strike
2-1: Ball
3-1: Base on Balls
Batting: RHB Tudor Sobanski 0-0: Ball
1-0: Fly out, F9 (Flyball, 9D, EV 110.6 MPH)
Bottom of the 2nd over - 0 runs, 1 hit, 0 errors, 2 left on base; New Hampshire 1 - Lincoln 0
TOP OF THE 3RD
New Hampshire Fisher Cats batting - Pitching for Lincoln Bighorns : RHP Sheridan Richardson
Batting: LHB Shelby Joyce 0-0: Called Strike
0-1: Swinging Strike
0-2: Ground out 4-3 (Groundball, 4S, EV 77.5 MPH)
Batting: RHB Jason Bates 0-0: Called Strike
0-1: Ball
1-1: Foul Ball, location: 9LMF
1-2: Ball
2-2: Ground out 4-3 (Groundball, 4, EV 88.8 MPH)
Batting: RHB Miguel Ángel Limon 0-0: Fly out, F3 (Popup, 3F, EV 72.5 MPH)
Top of the 3rd over - 0 runs, 0 hits, 0 errors, 0 left on base; New Hampshire 1 - Lincoln 0
BOTTOM OF THE 3RD
Lincoln Bighorns batting - Pitching for New Hampshire Fisher Cats : RHP Ethan Ponzio
Batting: RHB Frank Lambert 0-0: Called Strike
0-1: Ball
1-1: Ball
2-1: Ground out 2-3 (Groundball, 2R, EV 67.5 MPH)
Batting: RHB Dorian Tutolo 0-0: Swinging Strike
0-1: Foul Ball, location: 2F
0-2: Strikes out swinging
Batting: LHB Fergal Mallory 0-0: Called Strike
0-1: Foul Ball, location: 3F
0-2: Ball
1-2: Foul Ball, location: 7LDF
1-2: Ball
2-2: Foul Ball, location: 23F
2-2: Ground out 4-3 (Groundball, 4, EV 84.4 MPH)
Bottom of the 3rd over - 0 runs, 0 hits, 0 errors, 0 left on base; New Hampshire 1 - Lincoln 0
TOP OF THE 4TH
New Hampshire Fisher Cats batting - Pitching for Lincoln Bighorns : RHP Sheridan Richardson
Batting: LHB John Sticka 0-0: Foul Ball, location: 2F
0-1: Called Strike
0-2: Strikes out swinging
Batting: RHB Roberto Medel 0-0: Ground out 5-3 (Groundball, 56S, EV 86.9 MPH)
Batting: RHB Tanner Gibson 0-0: Ground out 5-3 (Groundball, 56S, EV 66.9 MPH)
Top of the 4th over - 0 runs, 0 hits, 0 errors, 0 left on base; New Hampshire 1 - Lincoln 0
BOTTOM OF THE 4TH
Lincoln Bighorns batting - Pitching for New Hampshire Fisher Cats : RHP Ethan Ponzio
Batting: RHB Rashad Simon 0-0: Called Strike
0-1: Swinging Strike
0-2: Ball
1-2: Ball
2-2: Ground out 4-3 (Groundball, 4MD, EV 108.1 MPH)
Batting: RHB Ian Saucedo 0-0: Foul Ball, location: 9LMF
0-1: Ball
1-1: Ball
2-1: SINGLE (Line Drive, 9S, EV 102.5 MPH)
Batting: LHB Blake Kirk 0-0: 2-RUN HOME RUN (Line Drive, 9D, EV 100.0 MPH), Distance : 375 ft
Batting: RHB Nixon Jackson 0-0: Called Strike
0-1: Foul Ball, location: 3FF
0-2: Ball
1-2: Foul Ball, location: 9LMF
1-2: Ball
2-2: Strikes out swinging
Batting: RHB Asher Shorey 0-0: Called Strike
0-1: Foul Ball, location: 2F
0-2: Foul Ball, location: 2F
0-2: Strikes out looking
Bottom of the 4th over - 2 runs, 2 hits, 0 errors, 0 left on base; New Hampshire 1 - Lincoln 2
TOP OF THE 5TH
New Hampshire Fisher Cats batting - Pitching for Lincoln Bighorns : RHP Sheridan Richardson
Batting: RHB Kayden Trumble 0-0: Ball
1-0: Ball
2-0: Ball
3-0: Base on Balls
Batting: RHB Atlas Alvarado 0-0: Fielders Choice at 2nd, 4-6 (Groundball, 34, EV 99.4 MPH)
Batting: SHB Colin Montague 0-0: Swinging Strike
0-1: Swinging Strike
0-2: Ball
1-2: Foul Ball, location: 2F
1-2: Ball
2-2: Grounds into double play, 5-4-3 (Groundball, 56, EV 88.8 MPH)
Top of the 5th over - 0 runs, 0 hits, 0 errors, 0 left on base; New Hampshire 1 - Lincoln 2
BOTTOM OF THE 5TH
Lincoln Bighorns batting - Pitching for New Hampshire Fisher Cats : RHP Ethan Ponzio
Batting: RHB Tudor Sobanski 0-0: Called Strike
0-1: Called Strike
0-2: Foul Ball, location: 7LMF
0-2: Strikes out swinging
Batting: RHB Frank Lambert 0-0: Fly out, F7 (Flyball, 7S, EV 104.4 MPH)
Batting: RHB Dorian Tutolo 0-0: Ball
1-0: Ball
2-0: Ball
3-0: Called Strike
3-1: Base on Balls
Batting: LHB Fergal Mallory 0-0: Called Strike
0-1: Foul Ball, location: 2F
0-2: Foul Ball, location: 5SF
0-2: Ball
1-2: Strikes out swinging
Bottom of the 5th over - 0 runs, 0 hits, 0 errors, 1 left on base; New Hampshire 1 - Lincoln 2
TOP OF THE 6TH
New Hampshire Fisher Cats batting - Pitching for Lincoln Bighorns : RHP Sheridan Richardson
Batting: LHB Shelby Joyce 0-0: Foul Ball, location: 2F
0-1: Swinging Strike
0-2: Ball
1-2: Ball
2-2: Strikes out looking
Batting: RHB Jason Bates 0-0: Ball
1-0: Ball
2-0: Called Strike
2-1: Ball
3-1: Called Strike
3-2: SINGLE (Groundball, 13, EV 70.0 MPH) (infield hit)
Batting: RHB Miguel Ángel Limon 0-0: Called Strike
0-1: Ball
1-1: Called Strike
1-2: Ball
2-2: Foul Ball, location: 5F
2-2: Foul Ball, location: 3DF
2-2: Foul Ball, location: 5F
2-2: Fly out, F3 (Popup, 23F, EV 90.6 MPH)
Batting: LHB John Sticka 0-0: Swinging Strike
0-1: Foul Ball, location: 7LSF
0-2: Foul Ball, location: 2F
0-2: Fly out, F8 (Flyball, 8LXD, EV 83.8 MPH)
Top of the 6th over - 0 runs, 1 hit, 0 errors, 1 left on base; New Hampshire 1 - Lincoln 2
BOTTOM OF THE 6TH
Lincoln Bighorns batting - Pitching for New Hampshire Fisher Cats : RHP Ethan Ponzio
Batting: RHB Rashad Simon 0-0: SINGLE (Groundball, 4MD, EV 107.5 MPH)
Batting: RHB Ian Saucedo 0-0: Ball
1-0: Ball
2-0: Fly out, F8 (Flyball, 8RXD, EV 110.6 MPH)
Batting: LHB Blake Kirk 0-0: Grounds into double play, 6-4-3 (Groundball, 6S, EV 93.8 MPH)
Bottom of the 6th over - 0 runs, 1 hit, 0 errors, 0 left on base; New Hampshire 1 - Lincoln 2
TOP OF THE 7TH
New Hampshire Fisher Cats batting - Pitching for Lincoln Bighorns : RHP Sheridan Richardson
Batting: RHB Roberto Medel 0-0: Called Strike
0-1: Ball
1-1: Ball
2-1: Called Strike
2-2: Ball
3-2: Fly out, F9 (Line Drive, 9LS, EV 100.0 MPH)
Pitching: RHP Axl Avery
Batting: RHB Tanner Gibson 0-0: Called Strike
0-1: Ball
1-1: Fly out, F9 (Flyball, 9LS, EV 94.4 MPH)
Batting: RHB Kayden Trumble 0-0: Called Strike
0-1: Ball
1-1: Ball
2-1: Foul Ball, location: 5FF
2-2: Ball
3-2: Strikes out swinging
Top of the 7th over - 0 runs, 0 hits, 0 errors, 0 left on base; New Hampshire 1 - Lincoln 2
BOTTOM OF THE 7TH
Lincoln Bighorns batting - Pitching for New Hampshire Fisher Cats : RHP Ethan Ponzio
Batting: RHB Nixon Jackson 0-0: SINGLE (Line Drive, 89S, EV 110.6 MPH)
Batting: RHB Asher Shorey 0-0: Ball
1-0: Foul Ball, location: 25F
1-1: Foul Ball, location: 2F
1-2: Ball
2-2: Grounds into double play, 5-4-3 (Groundball, 15, EV 82.5 MPH)
Batting: RHB Tudor Sobanski 0-0: Fly out, F9 (Flyball, 89M, EV 78.1 MPH)
Bottom of the 7th over - 0 runs, 1 hit, 0 errors, 0 left on base; New Hampshire 1 - Lincoln 2
TOP OF THE 8TH
New Hampshire Fisher Cats batting - Pitching for Lincoln Bighorns : RHP Axl Avery
Now at 1B: Dorian Tutolo
Now at 2B: Carter DeLeone
Batting: RHB Atlas Alvarado 0-0: Foul Ball, location: 5F
0-1: Ball
1-1: Ball
2-1: Called Strike
2-2: Strikes out swinging
Batting: SHB Colin Montague 0-0: Called Strike
0-1: Foul Ball, location: 2F
0-2: Ball
1-2: SINGLE (Line Drive, 9S, EV 86.3 MPH)
Batting: LHB Shelby Joyce 0-0: Bunt missed!
0-1: Bunted foul
0-2: Foul Ball, location: 2F
Balk!
Colin Montague to second
0-2: Foul Ball, location: 9LMF
0-2: Ground out 3-1 (Groundball, 34, EV 93.8 MPH)
Colin Montague to third
Batting: RHB Jason Bates 0-0: Called Strike
0-1: Called Strike
0-2: Ball
1-2: Fly out, F3 (Line Drive, 3, EV 75.0 MPH)
Top of the 8th over - 0 runs, 1 hit, 0 errors, 1 left on base; New Hampshire 1 - Lincoln 2
BOTTOM OF THE 8TH
Lincoln Bighorns batting - Pitching for New Hampshire Fisher Cats : RHP Ethan Ponzio
Batting: RHB Frank Lambert 0-0: Ball
1-0: Called Strike
1-1: Ball
2-1: SINGLE (Line Drive, 6M, EV 99.4 MPH)
Pitching: LHP Mathys Marchand
Batting: RHB Dorian Tutolo 0-0: Foul Ball, location: 9LDF
0-1: Called Strike
Frank Lambert steals 2nd base
0-2: Ball
1-2: Foul Ball, location: 2F
1-2: Ground out 5-3 (Groundball, 56, EV 98.8 MPH)
Frank Lambert to third
Batting: LHB Fergal Mallory 0-0: Intentional Walk
Batting: RHB Carter DeLeone 0-0: Ball
1-0: Swinging Strike
1-1: Fielders Choice at 2nd, 6-4 (Groundball, 6, EV 83.8 MPH)
Frank Lambert scores
Batting: RHB Ian Saucedo 0-0: Ball
1-0: Fly out, F9 (Flyball, 9S, EV 83.1 MPH)
Bottom of the 8th over - 1 run, 1 hit, 0 errors, 1 left on base; New Hampshire 1 - Lincoln 3
TOP OF THE 9TH
New Hampshire Fisher Cats batting - Pitching for Lincoln Bighorns : RHP Axl Avery
Pitching: RHP Lucas Williams
Batting: RHB Miguel Ángel Limon 0-0: Called Strike
0-1: Ball
1-1: Called Strike
1-2: Fly out, F7 (Flyball, 7S, EV 88.8 MPH)
Batting: LHB John Sticka 0-0: Called Strike
0-1: Ball
1-1: Ball
2-1: SINGLE (Groundball, 4MD, EV 104.4 MPH)
Batting: RHB Roberto Medel 0-0: Called Strike
0-1: Ball
1-1: Foul Ball, location: 2F
1-2: TRIPLE (Line Drive, 78XD, EV 106.9 MPH)
John Sticka scores
Batting: RHB Tanner Gibson 0-0: Foul Ball, location: 5FF
0-1: Swinging Strike
0-2: Strikes out swinging
Batting: RHB Kayden Trumble 0-0: Foul Ball, location: 3DF
0-1: Fly out, F9 (Flyball, 9, EV 98.8 MPH)
Top of the 9th over - 1 run, 2 hits, 0 errors, 1 left on base; New Hampshire 2 - Lincoln 3
Wednesday, May 1st , 2024 - OOTP Baseball 24.11 Build 85